 Dungeon Crawl Stone Soup version 0.30-a0-711-gf4ac18a38d (webtiles) character file.

Game seed: 11968377783892617591

170 wormed the Firebug (level 5, -3/29 HPs)
             Began as a Deep Elf Fire Elementalist on Jan 23, 2023.
             Slain by a wight
             ... wielding a +0 great sword
              (17 damage)
             ... on level 5 of the Dungeon.
             The game lasted 00:02:31 (1832 turns).

wormed the Firebug (Deep Elf Fire Elementalist)     Turns: 1832, Time: 00:02:32

Health: -3/29      AC:  3    Str:  5    XL:     5   Next: 25%
Magic:  20/22      EV: 13    Int: 22    God:
Gold:   98         SH:  0    Dex: 15    Spells: 6/12 levels left

rFire   . . .      SeeInvis .    e - +0 dagger
rCold   . . .      Faith    .    (no shield)
rNeg    . . .      Spirit   .    a - +1 robe
rPois   .          Reflect  .    (no helmet)
rElec   .          Harm     .    (no cloak)
rCorr   .          Rampage  .    (no gloves)
Will    .....                    (no boots)
Stlth   ++                       (no amulet)
HPRegen 0.24/turn                h - ring of magical power
MPRegen 0.18/turn                (no ring)

@: very slightly contaminated
A: no striking features
a: no special abilities


You were on level 5 of the Dungeon.
You visited 1 branch of the dungeon, and saw 4 of its levels.

You collected 98 gold pieces.

Inventory:

Hand Weapons
 e - a +0 dagger (weapon)
Armour
 a - a +1 robe (worn)
Jewellery
 h - a ring of magical power (left hand)
Potions
 c - 2 potions of heal wounds {unknown}
 d - a potion of haste {unknown}
 f - 2 potions of degeneration {unknown}
 g - 2 potions of curing {unknown}
 i - 2 potions of flight {unknown}


   Skills:
 + Level 1.3 Fighting
 + Level 3.4 Dodging
 + Level 3.6 Stealth
 + Level 4.0 Spellcasting
 + Level 2.5 Conjurations
 + Level 4.0 Fire Magic


You had 6 spell levels left.
You knew the following spells:

 Your Spells              Type           Power      Damage    Failure   Level
a - Foxfire               Conj/Fire      72%        2x1d7     3%          1
b - Scorch                Fire           44%        2d7       3%          2
c - Inner Flame           Hex/Fire       13%        N/A       14%         3

Your spell library contained the following spells:

 Spells                   Type           Power      Damage    Failure   Level
 Kindle Blastsparks       Fire/Tloc/Air  20%        2d11      19%         3
 Flame Wave               Conj/Fire      18%        2d7       28%         4


Dungeon Overview and Level Annotations

Branches:
Dungeon (3/15)

Altars:


Message History

Blork the orc is heavily wounded.
Casting: Foxfire (safe; 3% risk of failure)
Confirm with . or Enter, or press ? or * to list all spells.
The spell is quite dangerous to miscast (16% risk of failure)!
Continue anyway?
Aiming: Inner Flame (quite dangerous; 16% risk of failure)
Press: ? - help, Dir - move target, f - wight, p - Blork the orc
Aim: a wight, wielding a +0 great sword and wearing a +0 robe (poison gas, ally target, chance to affect: 64%)
The wight is filled with an inner flame.
The foxfire hits Blork the orc.
Flame seeps out of Blork the orc.
Blork the orc is severely wounded.
The foxfire hits the wight.
Flame seeps out of the wight.
The wight is lightly damaged.
Your foxfire dissipates!
Blork the orc is engulfed in poison gas.
Blork the orc is poisoned.
Flame seeps out of Blork the orc.
Casting: Inner Flame (quite dangerous; 16% risk of failure)
Confirm with . or Enter, or press ? or * to list all spells.
You conjure some foxfire!
Flame seeps out of Blork the orc.
Blork the orc is engulfed in poison gas.
Blork the orc looks even sicker.
Flame seeps out of Blork the orc.
Magic courses through your body.
The foxfire hits Blork the orc.
Blork the orc explodes!
You feel a bit more experienced.
The foxfire hits the wight.
Flame seeps out of the wight.
The wight is moderately damaged.
You hear a bellow!
Your Spellcasting skill increases to level 4!
Your Fire Magic skill increases to level 4!
You have reached level 5!
Casting: Foxfire (safe; 3% risk of failure)
Confirm with . or Enter, or press ? or * to list all spells.
You miscast Foxfire.
You are very lightly contaminated with residual magic.
Nothing appears to happen.
The wight barely misses you.
The wight hits you with a +0 great sword.
The wight closely misses you.
The wight hits you with a +0 great sword!
Ouch! That really hurt!
You die...

$.... ☼○ ..... #. ......
#. #. ...... ..§# ##○###
#...... ...○.##☼○.§#
.(.....
....○..§○°☼○#####.......
....°○.§☼.☼§§##...>..#
....§§°..☼○@##......##
....§○§.☼○.z.).°☼§§..#
###...§°°§§.○☼#☼...○.....
......☼..○.####.§§.......
.....##☼○°○##....○°☼.....
###..☼..☼...............(
....?☼§.......)....○.....
......°.§§....#.........
..............###......


You could see a wight (inner flame).

Vanquished Creatures
  Blork the orc (D:5)
  A hound (D:5)
  3 gnolls (D:2)
  An adder (D:2)
  2 worms (D:2)
  2 dart slugs (D:2)
  A ball python (D:2)
  4 endoplasms
  A giant cockroach (D:1)
  5 hobgoblins
  A kobold (D:1)
  3 bats (D:2)
  2 frilled lizards (D:2)
  2 goblins
  2 rats
31 creatures vanquished.

Vanquished Creatures (others)
  58 foxfires
58 creatures vanquished.

Grand Total: 89 creatures vanquished

Notes
Turn   | Place    | Note
-------+----------+-------------------------------------------
     0 | D:1      | wormed the Deep Elf Fire Elementalist began the quest for
                  | the Orb.
     0 | D:1      | Reached XP level 1. HP: 10/10 MP: 6/6
   619 | D:2      | Reached XP level 2. HP: 15/15 MP: 5/8
   622 | D:2      | Learned a level 2 spell: Scorch
  1011 | D:2      | Reached XP level 3. HP: 19/20 MP: 1/9
  1451 | D:2      | Reached skill level 1 in Fighting
  1454 | D:2      | Reached XP level 4. HP: 19/25 MP: 2/11
  1791 | D:2      | Learned a level 3 spell: Inner Flame
  1792 | D:3      | You fall into a shaft and drop 2 floors!
  1792 | D:5      | Entered Level 5 of the Dungeon
  1794 | D:5      | Noticed a scorpion
  1800 | D:5      | Noticed a yak
  1801 | D:5      | Noticed a yak
  1811 | D:5      | Noticed Blork the orc
  1827 | D:5      | Killed Blork the orc
  1828 | D:5      | Reached XP level 5. HP: 17/29 MP: 13/13
  1832 | D:5      | Slain by a wight

Illustrated notes

Levels and vault maps discovered:
D:1:      psy_arrival_basics, layout_basic
D:2:      layout_basic
D:3:      layout_basic, chequers_temple_overflow_statue_of_worship,
          grunt_temple_overflow_open, hellmonk_ecumenical_altar_lost_god
D:5:      dreamdust_elfheim, layout_cave_pools, chequers_serial_rivers_small_b,
          minmay_misc_feat_columns, uniq_duvessa, uniq_blork_the_orc

Skill      XL: |  1  2  3  4 |
---------------+-------------+-----
Dodging        | 3 |  3.4
Stealth        | 3 |  3.6
Fighting       | 1 |  1.3
Conjurations   | 2 |  2.5
Spellcasting   | 4 |  4.0
Fire Magic     | 4 |  4.0

Action                     |  1- 3 |  4- 6 || total
---------------------------+-------+-------++-------
  Melee: Unarmed           |     3 |       ||     3
   Cast: Foxfire           |    30 |     4 ||    34
         Scorch            |    17 |     1 ||    18
         Inner Flame       |       |     3 ||     3
    Use: Scroll            |     2 |     2 ||     4
         Potion            |       |     1 ||     1
 Armour: Robe              |     5 |       ||     5
  Dodge: Dodged            |    15 |     2 ||    17

Table legend: (Time is in decaauts)
 A = Elapsed time spent in this place.
 B = Non-inter-level travel time spent in this place.
 C = Inter-level travel time spent in this place.
 D = Time resting spent in this place.
 E = Time spent auto-exploring this place.
 F = Levels seen in this place.
 G = Mean time per level.
                   A        B        C        D        E       F      G
               +--------+--------+--------+--------+--------+-----+--------+
         Total |   1831 |   1762 |     69 |      0 |   1523 |   4 |  457.8 |
       Dungeon |   1831 |   1762 |     69 |      0 |   1523 |   4 |  457.8 |
               +--------+--------+--------+--------+--------+-----+--------+

Top non-repeatable levels by time:
     D:2: 1205 daAuts
     D:1: 586 daAuts
     D:5: 39 daAuts
